 Dungeon Crawl Stone Soup version 0.21.1-1-g345015f (webtiles) character file.

8037 kae the Martial Artist (level 11, 0/94 HPs)
             Began as a White Draconian Transmuter on June 4, 2018.
             Was a High Priest of Okawaru.
             Killed from afar by an electric eel (10 damage)
             ... with a bolt of electricity
             ... on level 1 of the Lair of Beasts.
             The game lasted 00:09:44 (11225 turns).

kae the Martial Artist (DrTm)                      Turns: 11225, Time: 00:09:45

Health: 0/94       AC:  7    Str: 14    XL:     11   Next: 4%
Magic:  14/18      EV: 15    Int: 13    God:    Okawaru [*****.]
Gold:   49         SH:  0    Dex: 18    Spells: 4/19 levels left

rFire    . . .     SeeInvis .     - Unarmed
rCold    + . .     Gourm    .   (shield currently unavailable)
rNeg     . . .     Faith    .   (armour unavailable)
rPois    .         Spirit   .   (helmet restricted)
rElec    .         Reflect  .   (no cloak)
rCorr    .         Harm     .   (gloves currently unavailable)
MR       .....                  (no boots)
Stlth    ++........             (no amulet)
HPRegen  0.25/turn              u - ring of wizardry
MPRegen  0.16/turn              p - +4 ring of dexterity

@: blade hands (expiring)
A: breathe frost, unfitting armour, cold resistance 1, cold-blooded, AC +7
a: Breathe Frost, End Transformation, Heroism, Finesse, Renounce Religion


You were on level 1 of the Lair of Beasts.
You worshipped Okawaru.
Okawaru was extremely pleased with you.
You were not hungry.
You had blades for hands.
You visited 3 branches of the dungeon, and saw 11 of its levels.
You also visited: Sewer.

You collected 385 gold pieces.
You spent 336 gold pieces at shops.

Inventory:

Missiles
 a - 37 arrows
Jewellery
 p - a +4 ring of dexterity (right scythe-like blade)
 u - a ring of wizardry (left scythe-like blade)
 v - an uncursed ring of poison resistance {unknown}
Wands
 g - a wand of enslavement (4)
 o - a wand of clouds (5)
 x - a wand of flame (5)
Scrolls
 e - 7 scrolls of teleportation
 i - a scroll of magic mapping
 q - a scroll of enchant weapon
 r - a scroll of remove curse
 w - a scroll of amnesia
 y - a scroll of identify
 z - a scroll of brand weapon {unknown}
Potions
 d - 2 potions of heal wounds
 f - a potion of berserk rage
 h - a potion of resistance
 j - 5 potions of curing
 k - 4 potions of lignification
 l - 5 potions of might
 m - 2 potions of haste
 n - a potion of cancellation
 s - 3 potions of flight
 t - 2 potions of invisibility {unknown}
Books
 b - a book of Changes

   Spells                             Type                      Level
   a - Beastly Appendage              Transmutation                1
   b - Sticks to Snakes               Transmutation                2
   c - Spider Form                    Transmutation/Poison         3
   d - Ice Form                       Ice/Transmutation            4
   e - Blade Hands                    Transmutation                5
Comestibles
 c - 17 rations


   Skills:
 + Level 8.0 Fighting
 + Level 4.9 Dodging
 * Level 10.7 Unarmed Combat
 + Level 4.8 Spellcasting
 * Level 10.4 Transmutations
 + Level 3.3 Evocations


You had 4 spell levels left.
You knew the following spells:

 Your Spells              Type           Power        Failure   Level  Hunger
a - Beastly Appendage     Tmut           ####..       4%          1    None
b - Sticks to Snakes      Tmut           ####....     4%          2    ##.....
c - Spider Form           Tmut/Pois      ###.......   16%         3    ###....
d - Blade Hands           Tmut           ####......   16%         5    ######.
e - Ice Form              Ice/Tmut       ###.....     32%         4    ####...


Dungeon Overview and Level Annotations

Branches:
Dungeon (9/15)             Temple (1/1) D:4            Lair (1/6) D:9
    Orc: D:9-12

Altars:
Ashenzari
Cheibriados
Dithmenos
Elyvilon
Fedhas
Gozag
Hepliaklqana
Kikubaaqudgha
Makhleb
Nemelex Xobeh
Okawaru
Qazlal
Ru
Sif Muna
Trog
Uskayaw
Vehumet
Wu Jian
Xom
Yredelemnul
Zin
The Shining One

Shops:
D:9 !

Annotations:
D:3 Robin; kae's ghost, amateur DrTm
Lair:1 exclusion: oklob plant


Innate Abilities, Weirdness & Mutations

You can breathe waves of freezing cold.
You can buffet flying creatures when you breathe cold.
Your icy white scales are hard. (AC +7)
You cannot fit into any form of body armour.
Your flesh is cold resistant. (rC+)
You are cold-blooded and may be slowed by cold attacks.


Message History

* * * LOW HITPOINT WARNING * * *
Okay, then.
You feel much better.
You hit the electric eel but do no damage.
The electric eel is lightly wounded.
The electric eel shoots out a bolt of lightning at you!
The bolt of electricity hits you! x2
* * * LOW HITPOINT WARNING * * *
You slice the electric eel!!
You kill the electric eel!
Okawaru accepts your kill.
You hear a splash.
The electric eel shoots out a bolt of lightning at you!
The bolt of electricity hits you!
* * * LOW HITPOINT WARNING * * *
The bolt of electricity hits you!
* * * LOW HITPOINT WARNING * * *
The electric eel shoots out a bolt of lightning at you!
The bolt of electricity hits you!
You die...

≈≈≈≈≈≈♣♣.
≈≈≈≈≈≈≈♣.
≈≈;≈≈≈≈♣.
≈≈≈≈≈PP♣.
≈≈≈≈≈≈≈..##
≈≈P≈≈≈≈ ..##
P≈≈≈P≈≈##..#
≈≈≈≈≈≈†.@.###
PP≈≈≈≈P.##.P#
..P.≈≈P)##.P##
........##...#
........##...##
#####..####...##
... ##...## #.##
#....# #....##


You could see an electric eel.

Vanquished Creatures
  The ghost of kae the Grappler, a journeyman DrTm of Okawaru (D:9)
  2 two-headed ogres
  An unseen horror (D:9)
  Pikel (D:7)
  A troll (D:9)
  6 yaks (D:9)
  A hungry ghost (D:9)
  Menkaure (D:4)
  A water moccasin (Lair:1)
  3 porcupines (Lair:1)
  A sky beast (D:5)
  2 orc warriors
  3 slaves (D:7)
  An ogre (D:4)
  3 centaurs
  5 wolves (D:9)
  2 crocodiles
  A big kobold (D:8)
  3 bullfrogs
  2 scorpions
  4 wights (D:8)
  2 electric eels
  4 howler monkeys
  4 jellies
  A bullfrog zombie (D:8)
  2 crimson imps
  7 hounds
  An orc wizard (D:8)
  4 orc priests
  A centaur skeleton (D:2)
  Terence (D:3)
  An iguana (D:5)
  5 worker ants
  A hound zombie (D:9)
  11 gnolls
  A howler monkey skeleton (D:7)
  17 adders
  2 shadow imps
  An ooze (D:1)
  6 worms
  7 leopard geckos
  12 orcs
  9 giant cockroaches
  5 goblins
  3 hobgoblins
  17 jackals
  3 quokkas
  4 ball pythons
  5 bats
  8 frilled lizards
  A jackal zombie (D:7)
  17 kobolds
  2 quokka skeletons
  6 rats
216 creatures vanquished.

Vanquished Creatures (collateral kills)
  A gnoll (D:3)
  A dart slug (D:2)
  A goblin (D:3)
  A ball python (D:2)
  A bat (D:2)
  A frilled lizard (D:2)
  A rat (D:2)
7 creatures vanquished.

Grand Total: 223 creatures vanquished

Notes
Turn   | Place    | Note
-------+----------+-------------------------------------------
     0 | D:1      | kae the Draconian Transmuter began the quest for the Orb.
     0 | D:1      | Reached XP level 1. HP: 16/16 MP: 3/3
   206 | D:1      | Reached XP level 2. HP: 23/23 MP: 5/5
   215 | D:1      | Learned a level 2 spell: Sticks to Snakes
   802 | D:1      | Found a glowing silver altar of Zin.
   879 | D:2      | Reached XP level 3. HP: 4/28 MP: 6/6
  1253 | D:2      | Reached XP level 4. HP: 17/36 MP: 5/7
  1676 | D:2      | Found a sparkling altar of Nemelex Xobeh.
  1992 | D:3      | Noticed kae's ghost (amateur DrTm)
  1998 | D:3      | Noticed Robin
  2594 | D:2      | Learned a level 3 spell: Spider Form
  2662 | D:3      | Reached XP level 5. HP: 40/41 MP: 4/8
  2823 | D:3      | Noticed Terence
  3155 | D:3      | Killed Terence
  3608 | D:3      | Found a radiant altar of Vehumet.
  3608 | D:3      | Found a burning altar of Makhleb.
  3676 | D:4      | Reached XP level 6. HP: 57/57 MP: 10/10
  3722 | D:4      | Found an opulent altar of Gozag.
  3748 | D:4      | Your scales start taking on an icy white colour.
  3748 | D:4      | Reached XP level 7. HP: 63/63 MP: 9/11
  3748 | D:4      | Gained mutation: Your flesh is cold resistant. (rC+) [White Draconian growth]
  3846 | D:4      | Learned a level 5 spell: Blade Hands
  3978 | D:4      | Found a glowing drain.
  4015 | Sewer    | Entered a sewer
  4474 | D:4      | Found a staircase to the Ecumenical Temple.
  4519 | D:4      | Noticed Menkaure
  4534 | D:4      | Killed Menkaure
  4790 | Temple   | Entered the Ecumenical Temple
  4988 | Temple   | Became a worshipper of Warmaster Okawaru
  5084 | D:5      | Entered Level 5 of the Dungeon
  5231 | D:5      | Found an ancient bone altar of Kikubaaqudgha.
  5265 | D:5      | Found a sparkling altar of Nemelex Xobeh.
  5592 | D:5      | Reached XP level 8. HP: 55/71 MP: 8/12
  6095 | D:6      | Noticed a moth of wrath
  6098 | D:6      | Found a bloodstained altar of Trog.
  6157 | D:6      | Reached * piety under Okawaru
  7223 | D:7      | Noticed Pikel
  7238 | D:7      | Killed Pikel
  7238 | D:7      | Reached XP level 9. HP: 78/78 MP: 7/14
  7247 | D:7      | Reached ** piety under Okawaru
  7852 | D:8      | Noticed a two-headed ogre
  7857 | D:8      | Killed a two-headed ogre
  7857 | D:8      | Reached skill level 1 in Evocations
  8240 | D:8      | Found a sacrificial altar of Ru.
  8568 | D:8      | Found a basalt altar of Yredelemnul.
  8886 | D:8      | Found a white marble altar of Elyvilon.
  8932 | D:9      | Reached *** piety under Okawaru
  9097 | D:9      | Noticed a two-headed ogre
  9105 | D:9      | Killed a two-headed ogre
  9105 | D:9      | Received a gift from Okawaru
  9105 | D:9      | Reached skill level 10 in Unarmed Combat
  9105 | D:9      | Reached XP level 10. HP: 74/86 MP: 10/16
  9203 | D:9      | Noticed kae's ghost (journeyman DrTm)
  9218 | D:9      | Killed kae's ghost
  9218 | D:9      | Reached **** piety under Okawaru
  9218 | D:9      | Reached skill level 10 in Transmutations
  9219 | D:9      | Paralysed by fainting for 5 turns
  9671 | D:9      | Reached ***** piety under Okawaru
 10019 | D:9      | Killed an unseen horror
 10496 | D:9      | Found a staircase to the Lair.
 10542 | D:9      | Found Umemob's Distillery.
 10548 | D:9      | Bought 2 potions of curing for 96 gold pieces
 10548 | D:9      | Bought a potion of curing for 48 gold pieces
 10548 | D:9      | Bought a potion of heal wounds for 80 gold pieces
 10548 | D:9      | Bought a potion of lignification for 48 gold pieces
 10548 | D:9      | Bought a potion of might for 64 gold pieces
 10878 | Lair:1   | Entered Level 1 of the Lair of Beasts
 10903 | Lair:1   | Reached XP level 11. HP: 94/94 MP: 15/18
 11076 | Lair:1   | Learned a level 4 spell: Ice Form
 11087 | Lair:1   | Noticed an oklob plant
 11225 | Lair:1   | Killed from afar by an electric eel

Skill      XL: |  1  2  3  4  5  6  7  8  9 10 11 |
---------------+----------------------------------+-----
Dodging        | 2 3 4 |  4.9
Transmutations | 3 8 9 10 | 10.4
Fighting       | 2 6 7 8 |  8.0
Unarmed Combat | 4 8 9 10 | 10.7
Spellcasting   | 3 4 |  4.8
Evocations     | 2 3 |  3.3

Action                   |  1- 3 |  4- 6 |  7- 9 | 10-12 || total
-------------------------+-------+-------+-------+-------++-------
Melee: Unarmed           |    69 |   208 |   301 |    78 ||   656
       Tailslap          |     7 |    14 |    27 |    13 ||    61
       Headbutt          |     2 |     1 |       |       ||     3
       Punch             |     1 |     7 |     8 |     5 ||    21
       Kick              |       |       |     4 |       ||     4
 Cast: Beastly Appendage |     7 |     5 |     3 |       ||    15
       Sticks to Snakes  |     3 |     8 |       |       ||    11
       Spider Form       |       |     3 |    12 |       ||    15
       Blade Hands       |       |       |    18 |    10 ||    28
Invok: Heroism           |       |       |     5 |     2 ||     7
 Abil: Breathe Frost     |       |       |     1 |       ||     1
  Use: Scroll            |     6 |     5 |     8 |     2 ||    21
       Potion            |       |     1 |     1 |     1 ||     3
  Eat: Chunk             |     1 |     7 |    17 |     2 ||    27
       Ration            |       |     1 |     2 |     3 ||     6
Armor: Skin              |    27 |    53 |    58 |    17 ||   155
Dodge: Dodged            |    58 |   133 |   217 |    42 ||   450
